 Dungeon Crawl Stone Soup version 0.29.0-7-g18a832c13a (webtiles) character file.

Game seed: 10727473291879859823

26 ProzacElf the Grave Robber (level 2, 0/19 HPs)
             Began as a Vampire Necromancer on Aug 31, 2022.
             Slain by a howler monkey (4 damage)
             ... on level 2 of the Dungeon.
             The game lasted 00:03:43 (1145 turns).

ProzacElf the Grave Robber (Vampire Necromancer)    Turns: 1145, Time: 00:03:44

Health: 0/19       AC:  3    Str:  7    XL:     2   Next: 89%
Magic:  1/5        EV: 12    Int: 17    God:
Gold:   98         SH:  0    Dex: 14    Spells: 2/5 levels left

rFire   . . .      SeeInvis +   a - +0 spear
rCold   . . .      Faith    .   (no shield)
rNeg    + . .      Spirit   .   e - +0 robe
rPois   .          Reflect  .   (no helmet)
rElec   .          Harm     .   (no cloak)
rCorr   .          Rampage  .   (no gloves)
Will    .....                   k - +0 pair of boots
Stlth   +++.......              (no amulet)
HPRegen 0.26/turn               i - ring of positive energy
MPRegen 0.09/turn               (no ring)

@: healing quickly
A: alive, fangs 3, see invisible, vampiric 1
a: Exsanguinate


You were on level 2 of the Dungeon.
You visited 1 branch of the dungeon, and saw 2 of its levels.

You collected 98 gold pieces.

Inventory:

Hand Weapons
 a - a +0 spear (weapon)
 b - a +0 hand axe
Armour
 e - a +0 robe (worn)
 k - a +0 pair of boots (worn)
Jewellery
 i - a ring of positive energy (left hand)
Scrolls
 g - a scroll of fear {unknown}
 l - 3 scrolls of identify {unknown}
Potions
 c - 4 potions of mutation {unknown}
 d - a potion of magic
 f - a potion of curing {unknown}
 h - a potion of heal wounds {unknown}
 j - a potion of resistance {unknown}
 m - a potion of flight {unknown}


   Skills:
 + Level 2.8 Dodging
 + Level 3.9 Stealth
 - Level 2.0 Spellcasting
 + Level 4.8 Necromancy


You had 2 spell levels left.
You knew the following spells:

 Your Spells              Type           Power      Damage    Failure   Level
a - Necrotise             Necr           72%        1d7       2%          1
b - Static Discharge      Conj/Air       1%         3-4/arc   28%         2

Your spell library contained the following spells:

 Spells                   Type           Power      Damage    Failure   Level
 Vampiric Draining        Necr           18%        2d7       9%          3
 Animate Dead             Necr           18%        N/A       26%         4
 Dispel Undead            Necr           18%        3d11      26%         4
 Agony                    Necr           18%        N/A       58%         5
 Sticky Flame             Conj/Fire      1%         2d3       88%         4
 Lightning Bolt           Conj/Air       0%         1d11      99%         5
 Maxwell's Capacitive Co  Air            0%         ∞         100%        8


Dungeon Overview and Level Annotations

Branches:
Dungeon (2/15)

Altars:


Innate Abilities, Weirdness & Mutations

Your natural rate of healing is accelerated.
You have razor-sharp teeth.
You have supernaturally acute eyesight. (SInv)
You are afflicted with vampirism.


Message History

Ye barely miss tha howler monkey.
Ye bite tha howler monkey, but do nay damage.
Tha howler monkey be heavily wounded.
Tha howler monkey hits ye!
Tha rat bites ye.
* * * LOW HITPOINT WARNIN'
* * * Yer kobold skeleton hits tha howler monkey but does nay damage.
Ye take 10 damage, an' haf 5/19 hp.
MASSIVE DAMAGE!!
Ye be too injured ta fight recklessly!
Ye be too injured ta fight recklessly!
Tha rat barely misses ye.
Yer goblin skeleton hits tha rat.
Tha howler monkey misses ye.
Tha howler monkey attacks as ye move away!
Tha howler monkey hits ye.
* * * LOW HITPOINT WARNIN'
* * * Tha rat closely misses yer goblin skeleton.
Yer goblin skeleton hits tha rat but does nay damage.
Tha howler monkey hits yer goblin skeleton!
Yer goblin skeleton be destroyed!
Ye take 1 damage, an' haf 4/19 hp.
Castin': Necrotise (safe; 2% risk o' failure) Confirm wit' . or Enter, or press ? or * ta list all spells.
Aimin': Necrotise (safe; 2% risk o' failure)
Press: ? - help, Shift-Dir - straight line, f/p - howler monkey
Aim: a howler monkey (heavily wounded, 'lly target, chance ta affect: 83%) Tha howler monkey writhas in agony.
Yer kobold skeleton barely misses tha howler monkey.
Ye now haf 1/5 mp.
Castin': Necrotise (safe; 2% risk o' failure) Confirm wit' . or Enter, or press ? or * ta list all spells.
Aimin': Necrotise (safe; 2% risk o' failure)
Press: ? - help, Shift-Dir - straight line, f/p - howler monkey
Aim: a howler monkey (severely wounded, 'lly target, chance ta affect: 83%) Tha howler monkey barely resists.
Tha rat barely misses ye.
Tha howler monkey hits ye.
* * * LOW HITPOINT WARNIN'
* * * Ye take 1 damage, an' haf 4/19 hp.
Ye now haf 0/5 mp.
Tha rat closely misses ye.
Yer kobold skeleton barely misses tha howler monkey.
Tha rat misses ye.
Tha howler monkey hits ye.
Ye die...

######+###
#........# #
#........###.#
#......†<....#
#....Zh...).##
.#.....r@....+
......).......#
...........####
...........#
...########..
... ... ..
..... ..... ...


You could see a howler monkey (ally target), a rat and a friendly kobold
skeleton.

Vanquished Creatures
  A dart slug (D:1)
  5 endoplasms (D:1)
  3 goblins
  3 hobgoblins
  4 kobolds
  2 ball pythons (D:1)
  2 bats
  A rat (D:1)
21 creatures vanquished.

Vanquished Creatures (collateral kills)
  A ball python (D:1)
1 creature vanquished.

Grand Total: 22 creatures vanquished

Notes
Turn   | Place    | Note
-------+----------+-------------------------------------------
     0 | D:1      | ProzacElf the Vampire Necromancer began the quest for the
                  | Orb.
     0 | D:1      | Reached XP level 1. HP: 13/13 MP: 3/3
   160 | D:1      | Reached XP level 2. HP: 15/19 MP: 1/5
   662 | D:1      | Found a faded altar of an unknown god.
   897 | D:1      | Learned a level 2 spell: Static Discharge
  1130 | D:2      | Noticed a howler monkey
  1145 | D:2      | Slain by a howler monkey

Illustrated notes

Levels and vault maps discovered:
D:1:      elethiomel_arrival_infinity_welcomes_careful_drivers, layout_basic,
          hellmonk_ecumenical_altar_blasted, minmay_tromino_v7
D:2:      layout_basic, serial_glass, glass_columns_a, glass_columns_a,
          pf_guarded_unrand_delatra

Action                   || total
-------------------------++-------
Melee: Hand axe          ||    11
       Bite              ||     3
       Spear             ||    35
 Cast: Necrotise         ||    19
 Stab: Sleeping          ||     6
Armor: Robe              ||     7
Dodge: Dodged            ||    27
